 Dungeon Crawl Stone Soup version 0.18-a0-917-g8a3da5b (webtiles) character file.

46 Duffy the Chopper (level 3, 0/49 HPs)
             Began as a Deep Dwarf Berserker on Dec 26, 2015.
             Was a Follower of Trog.
             Slain by an orc
             ... wielding a +0 hand axe
              (1 damage)
             ... on level 4 of the Dungeon.
             The game lasted 00:00:57 (530 turns).

Duffy the Chopper (Deep Dwarf Berserker)             Turns: 530, Time: 00:00:57

Health: 0/49       AC:  6    Str: 25    XL:     3   Next: 46%
Magic:  3/3        EV: 12    Int:  7    God:    Trog [*.....]
Gold:   42         SH:  0    Dex: 13    Spells: 0 memorised, 2 levels left

rFire  . . .     SeeInvis .     a - +0 hand axe
rCold  . . .     Gourm    .     h - +0 ring mail
rNeg   . . .     Faith    .     (no shield)
rPois  .         Spirit   .     g - +0 helmet
rElec  .         Dismiss  .     (no cloak)
rCorr  .         Reflect  .     (no gloves)
SustAt .         Harm     .     (no boots)
MR     .....     Rnd*Tele +     (no amulet)
Stlth  ..........               (no ring)
                                n - ring of teleportation (curse)

@: berserking, non-regenerating, very quick, not resistant to hostile
enchantments, extremely unstealthy
A: damage resistance, recharge devices, sense surroundings 1, slow regeneration
3
a: Device Recharging, Berserk, Burn Spellbooks, Renounce Religion, Evoke
Teleportation


You were on level 4 of the Dungeon.
You worshipped Trog.
Trog was aware of your devotion.
You were not hungry.

You visited 1 branch of the dungeon, and saw 3 of its levels.

You collected 42 gold pieces.


Innate Abilities, Weirdness & Mutations

You are resistant to damage.
You can recharge devices by infusing magical energy.
You passively map a small area around you.
You do not regenerate naturally.


   Skills:
 - Level 2.6 Fighting
 + Level 4.8 Axes
 - Level 2.1 Armour
 - Level 2.5 Dodging


You had 2 spell levels left.
You didn't know any spells.

Inventory:

Hand Weapons
 a - a +0 hand axe (weapon)
Missiles
 p - 12 poisoned needles
Armour
 b - a +0 animal skin
 g - a +0 helmet (worn)
 h - a +0 ring mail (worn)
Jewellery
 n - a cursed ring of teleportation (left hand)
Wands
 c - a wand of heal wounds (5/9)
Scrolls
 e - a scroll of identify {unknown}
 i - a scroll of remove curse {unknown}
 j - a scroll of immolation {unknown}
 k - 2 scrolls of teleportation {unknown}
 o - a scroll of magic mapping {unknown}
Potions
 f - a potion of haste {unknown}
 l - 2 potions of invisibility {unknown}
 m - a potion of magic {unknown}
 q - 2 potions of beneficial mutation {unknown}
Comestibles
 d - a bread ration

Dungeon Overview and Level Annotations

Branches:
Dungeon (2/15)

Altars:


Message History

Trog accepts your kill.
Trog appreciates your killing of a magic user.
You have reached level 3!
Your experience leads to an increase in your attributes!
Your base attributes are Str 20, Int 7, Dex 12.
Increase (S)trength, (I)ntelligence, or (D)exterity?
You feel agile.
You closely miss the orc. You slash the orc!
You kill the orc!
Trog accepts your kill.
You closely miss the orc. You slash the orc!
You feel the power of Trog in you as your rage grows.
You kill the orc!
Trog accepts your kill.
You barely miss the orc. The orc hits you with a hand axe.
You barely miss the orc. The orc hits you with a hand axe.
Your ring mail prevents you from hitting the orc.
You barely miss the orc. The orc completely misses you.
You hit the orc.
The orc is moderately wounded.
The orc barely misses you.
You closely miss the orc.
The orc is moderately wounded.
You barely miss the orc.
The orc is moderately wounded.
The orc closely misses you.
You barely miss the orc.
The orc is moderately wounded.
You barely miss the orc.
The orc is moderately wounded.
The orc hits you but does no damage.
You barely miss the orc.
The orc is moderately wounded.
The orc hits you with a hand axe.
You die...

* <... ...%
* , *... ,,
, ##+###..
, , ,
#......# *
, #......#
, #...)o.##
, , ,
#....@..# *
, ##......#
#......#
#......#
,,, , **
#......# *
#......# *
.......# ,
........# ,
,....######


You could see an orc.

Action                   || total
-------------------------++-------
Melee: Hand axe          ||    54
Invok: Berserk           ||     1

Notes
Turn   | Place    | Note
--------------------------------------------------------------
     0 | D:1      | Duffy the Deep Dwarf Berserker began the quest for the Orb.
     0 | D:1      | Reached XP level 1. HP: 20/20 MP: 1/1
   161 | D:1      | Reached XP level 2. HP: 21/27 MP: 2/2
   296 | D:1      | Reached skill level 4 in Axes
   510 | D:2      | You fall through a shaft for 2 floors!
   519 | D:4      | Reached XP level 3. HP: 3/33 MP: 3/3
   530 | D:4      | Slain by an orc

Vault maps used:
D:1:      roderic_crossed_star, item_on_display_a
D:2:      serial_undead, serial_undead_e, serial_undead_b, serial_undead_e,
          serial_undead_a
D:4:      overflow_temple_1_default, minmay_temple_entry_trees, serial_shops,
          shop, first_bread

Vanquished Creatures
  An orc wizard
  A giant gecko
  2 orcs
  A ball python
  A bat
  3 goblins
  3 hobgoblins
  2 kobolds
  6 rats
20 creatures vanquished.
